[Event "8th RTU Open 2018"]
[Site "Riga"]
[Date "2018.08.12"]
[Round "9"]
[White "Annaberdiev, Meilis"]
[Black "Krupenski, Juri"]
[Result "1-0"]
[ECO "B90"]
[WhiteElo "2509"]
[BlackElo "2390"]
[Annotator "ChessBase"]
[PlyCount "79"]
[EventDate "2018.08.06"]
[EventType "swiss"]
[EventCountry "LAT"]
[SourceTitle "playchess.com"]
[Source "ChessBase"]
[SourceQuality "1"]
[TimeControl "5400+30"]

1. e4 c5 2. Nf3 d6 3. d4 cxd4 4. Nxd4 Nf6 5. Nc3 a6 6. Nb3 e6 7. g4 h6 8. Bg2 Nc6 9. f4 Nd7 10. h4 Be7 11. g5 hxg5 12. hxg5 Rxh1+ 13. Bxh1 Qb6 14. Kf1 g6 15. Qe2 Qc7 16. Bd2 b6 17. Bf3 Bb7 18. Kg2 O-O-O 19. Rh1 Nc5 20. Be3 f6 21. Rh7 fxg5 22. Bg4 Kb8 23. fxg5 d5 24. Bxc5 bxc5 25. Nxc5 Nd4 26. Nxa6+ Bxa6 27. Qxa6 Qf4 28. Be2 Qxg5+ 29. Kh1 dxe4 30. Nxe4 Qc1+ 31. Bf1 Rf8 32. Ng3 Nf5 33. Qb6+ Ka8 34. Kh2 Ne3 35. Bg2+ Nxg2 36. Qa5+ Kb8 37. Qe5+ Ka8 38. Rxe7 Qh6+ 39. Kxg2 Qd2+ 40. Qe2 1-0

[Event "8th RTU Open 2018"]
[Site "Riga"]
[Date "2018.08.12"]
[Round "9"]
[White "Anurag, Mhamal"]
[Black "Zatonskih, Anna"]
[Result "1-0"]
[ECO "E04"]
[WhiteElo "2484"]
[BlackElo "2431"]
[Annotator "RC"]
[PlyCount "75"]
[EventDate "2018.08.06"]
[EventType "swiss"]
[EventCountry "LAT"]
[SourceTitle "playchess.com"]
[Source "ChessBase"]
[SourceQuality "1"]
[TimeControl "5400+30"]

1. c4 Nf6 2. g3 e6 3. Bg2 d5 4. d4 dxc4 5. Nf3 Bb4+ 6. Bd2 c5 7. Bxb4 cxb4 8. a3 O-O 9. axb4 Nd5 10. b5 Bd7 11. Na3 a6 12. Nxc4 Bxb5 13. b3 Nc6 14. Qd2 a5 15. O-O Ndb4 16. Rfc1 a4 17. Na3 Qb6 18. Nxb5 Qxb5 19. Rc5 Qb6 20. bxa4 Rfd8 21. Rb5 Qxb5 22. axb5 Rxa1+ 23. Bf1 Ra2 24. Qc3 Nd5 25. Qb3 Ncb4 26. e4 Rda8 27. exd5 Nxd5 28. Ne5 Ra1 29. Qf3 f6 30. Qg4 Re8 31. Nc4 g6 32. Nd6 Re7 33. Nxb7 f5 34. Qe2 f4 35. Nd8 fxg3 36. hxg3 Re8 37. Nxe6 Nc7 38. d5 1-0

[Event "8th RTU Open 2018"]
[Site "Riga"]
[Date "2018.08.12"]
[Round "9"]
[White "Laurusas, Tomas"]
[Black "Ruiz Castillo, Joshua Daniel"]
[Result "1-0"]
[ECO "E15"]
[WhiteElo "2463"]
[BlackElo "2415"]
[Annotator "ChessBase"]
[PlyCount "71"]
[EventDate "2018.08.06"]
[EventType "swiss"]
[EventCountry "LAT"]
[SourceTitle "playchess.com"]
[Source "ChessBase"]
[SourceQuality "1"]
[TimeControl "5400+30"]

1. d4 Nf6 2. c4 e6 3. Nf3 b6 4. g3 Ba6 5. b3 Bb4+ 6. Bd2 Be7 7. Bg2 O-O 8. Nc3 c6 9. d5 exd5 10. cxd5 cxd5 11. O-O Nc6 12. a4 Re8 13. Bf4 Bc5 14. Nb5 d6 15. Bg5 Nb4 16. Ne1 h6 17. Bxf6 Qxf6 18. Nd3 Bxb5 19. axb5 a5 20. bxa6 Rxa6 21. Rxa6 Nxa6 22. b4 Bd4 23. e3 Bc3 24. Qa4 Nc7 25. Qc6 Re7 26. Qxb6 d4 27. e4 Qe6 28. Qb8+ Kh7 29. b5 Qc4 30. b6 Na6 31. Qd8 Qe6 32. Qa8 Qc4 33. e5 dxe5 34. b7 g6 35. Qd8 Qe6 36. Nc5 1-0

[Event "8th RTU Open 2018"]
[Site "Riga"]
[Date "2018.08.12"]
[Round "9"]
[White "Merry, Alan B"]
[Black "Gurvich, Vitaly"]
[Result "1-0"]
[ECO "B12"]
[WhiteElo "2445"]
[BlackElo "2272"]
[Annotator "NA RC"]
[PlyCount "137"]
[EventDate "2018.08.06"]
[EventType "swiss"]
[EventCountry "LAT"]
[SourceTitle "playchess.com"]
[Source "ChessBase"]
[SourceQuality "1"]
[TimeControl "5400+30"]

1. e4 c6 2. d4 d5 3. e5 Bf5 4. Nc3 e6 5. g4 Bg6 6. Nge2 c5 7. Be3 Nc6 8. dxc5 Nxe5 9. Nd4 Bxc5 10. Bb5+ Nd7 11. Nxe6 fxe6 12. Bxc5 a6 13. Bxd7+ Qxd7 14. Qe2 Nf6 15. O-O-O Rc8 16. Bd4 O-O 17. h4 h5 18. Rdg1 b5 19. gxh5 Bxh5 20. Qe5 b4 21. Qg5 Qf7 22. Na4 Bf3 23. Rh3 Rc4 24. Rxf3 Rxd4 25. Nc5 Re4 26. Nxe4 dxe4 27. Re3 Rc8 28. Qa5 Nd5 29. Reg3 Qxf2 30. Rxg7+ Kh8 31. Qa4 Rf8 32. Qxa6 Ne3 33. Kb1 Qxc2+ 34. Ka1 Qf2 35. Qb5 Qf5 36. R7g5 Qxb5 37. Rxb5 Rf5 38. Rb6 Rf6 39. a4 bxa3 40. bxa3 Nd5 41. Rb8+ Kh7 42. Kb2 e3 43. a4 Rf2+ 44. Kb3 e2 45. Re1 Ne3 46. Re8 Ng2 47. Re7+ Kh8 48. Rc1 Rf3+ 49. Kb2 Rf8 50. Rxe6 Rf2 51. Kb3 Kg7 52. Rc7+ Kf8 53. Rce7 Nf4 54. Re4 Rf3+ 55. Kc4 Ra3 56. Kb5 Rb3+ 57. Ka6 Nd5 58. R7e5 Nb4+ 59. Kb5 Nd3+ 60. Kc4 Nxe5+ 61. Kxb3 Nf3 62. Rxe2 Nd4+ 63. Kc4 Nxe2 64. a5 Nf4 65. a6 Ne6 66. a7 Nc7 67. Kc5 Ke7 68. Kc6 Kd8 69. h5 1-0

[Event "8th RTU Open 2018"]
[Site "Riga"]
[Date "2018.08.12"]
[Round "9"]
[White "Korchmar, Vasiliy"]
[Black "Maiorov, Nikita"]
[Result "1/2-1/2"]
[ECO "A40"]
[WhiteElo "2415"]
[BlackElo "2504"]
[Annotator "ChessBase"]
[PlyCount "53"]
[EventDate "2018.08.06"]
[EventType "swiss"]
[EventCountry "LAT"]
[SourceTitle "playchess.com"]
[Source "ChessBase"]
[SourceQuality "1"]
[TimeControl "5400+30"]

1. d4 Nf6 2. c4 e6 3. g3 Bb4+ 4. Nd2 a5 5. Bg2 O-O 6. Ngf3 b6 7. Ne5 Ra7 8. O-O Ba6 9. Ndf3 Be7 10. Qc2 d6 11. Nd3 c5 12. b3 Qc8 13. Qd1 Nbd7 14. Bb2 Bb7 15. Rc1 Qa8 16. Nfe1 Bxg2 17. Nxg2 a4 18. b4 cxb4 19. Nxb4 d5 20. Ba3 dxc4 21. Rxc4 b5 22. Rc1 Nb6 23. Ne3 Nfd5 24. Nbxd5 Nxd5 25. Bxe7 Nxe3 26. fxe3 Rxe7 27. Qd2 1/2-1/2

[Event "8th RTU Open 2018"]
[Site "Riga"]
[Date "2018.08.12"]
[Round "9"]
[White "Wenninger, Philipp"]
[Black "Mishuchkov, Nikolai Mikhailovic"]
[Result "1/2-1/2"]
[ECO "E04"]
[WhiteElo "2408"]
[BlackElo "2307"]
[Annotator "NA"]
[PlyCount "22"]
[EventDate "2018.08.06"]
[EventType "swiss"]
[EventCountry "LAT"]
[SourceTitle "playchess.com"]
[Source "ChessBase"]
[SourceQuality "1"]
[TimeControl "5400+30"]

1. d4 d5 2. c4 e6 3. Nf3 Nf6 4. g3 dxc4 5. Bg2 Nc6 6. O-O Rb8 7. a4 a6 8. e3 Be7 9. Na3 b5 10. axb5 axb5 11. b3 Bxa3 1/2-1/2

[Event "8th RTU Open 2018"]
[Site "Riga"]
[Date "2018.08.12"]
[Round "9"]
[White "Seeman, Tarvo"]
[Black "Chukavin, Kirill"]
[Result "1-0"]
[ECO "A16"]
[WhiteElo "2405"]
[BlackElo "2291"]
[Annotator "NA"]
[PlyCount "93"]
[EventDate "2018.08.06"]
[EventType "swiss"]
[EventCountry "LAT"]
[SourceTitle "playchess.com"]
[Source "ChessBase"]
[SourceQuality "1"]
[TimeControl "5400+30"]

1. c4 Nf6 2. Nc3 c6 3. e4 e5 4. Nf3 Bb4 5. Nxe5 O-O 6. Be2 Re8 7. Nd3 Bxc3 8. dxc3 Nxe4 9. O-O d5 10. cxd5 Qxd5 11. Be3 Bf5 12. Qb3 Qxb3 13. axb3 Nd7 14. Rfe1 a6 15. Bf1 h6 16. f3 Nef6 17. b4 Nd5 18. Bd4 Rad8 19. Rxe8+ Rxe8 20. Kf2 Bxd3 21. Bxd3 Ne5 22. Bf1 Nf4 23. Rd1 Rd8 24. Rd2 Ne6 25. Be3 Rxd2+ 26. Bxd2 f5 27. c4 Kf7 28. Bc3 Nd7 29. Bd3 g6 30. h4 Nf6 31. b5 axb5 32. cxb5 Nd5 33. Bd2 h5 34. Bc4 Nec7 35. bxc6 bxc6 36. Bb4 Ke6 37. Bc5 Ne8 38. Ke2 Nef6 39. Kd3 Ne8 40. Kd4 Nec7 41. Ba3 Nb5+ 42. Kc5 Nd6 43. Ba2 Nf7 44. Kxc6 Ne5+ 45. Kc5 Nd3+ 46. Kd4 N3f4 47. Bc4 1-0

[Event "8th RTU Open 2018"]
[Site "Riga"]
[Date "2018.08.12"]
[Round "9"]
[White "Rostgaard, Tobias Valentin"]
[Black "Kuznecovs, Nikita"]
[Result "0-1"]
[ECO "C03"]
[WhiteElo "2386"]
[BlackElo "2280"]
[Annotator "NA"]
[PlyCount "71"]
[EventDate "2018.08.06"]
[EventType "swiss"]
[EventCountry "LAT"]
[SourceTitle "playchess.com"]
[Source "ChessBase"]
[SourceQuality "1"]
[TimeControl "5400+30"]

1. e4 e6 2. d4 d5 3. Nd2 Be7 4. e5 c5 5. c3 Nc6 6. Bd3 Qb6 7. Ndf3 cxd4 8. cxd4 Bd7 9. Ne2 Nh6 10. Bxh6 gxh6 11. O-O Qxb2 12. Rb1 Qxa2 13. Rxb7 Nb4 14. Nc3 Qa5 15. Nb5 Bc6 16. Nc7+ Kd8 17. Rxb4 Qxb4 18. Nxa8 Bxa8 19. Qa1 Qb6 20. Rb1 Qc7 21. Qa6 Bc6 22. Rc1 Bb7 23. Rxc7 Bxa6 24. Rxa7 Bc8 25. Bb5 Rg8 26. g3 h5 27. h4 h6 28. Kf1 Rg4 29. Ke2 f6 30. exf6 Bxf6 31. Ke3 Re4+ 32. Kd3 e5 33. Rf7 Bf5 34. Kd2 Bg4 35. Rxf6 Ke7 36. dxe5 0-1

[Event "8th RTU Open 2018"]
[Site "Riga"]
[Date "2018.08.12"]
[Round "9"]
[White "Seyb, Alexander"]
[Black "Praggnanandhaa, R."]
[Result "1-0"]
[ECO "B41"]
[WhiteElo "2383"]
[BlackElo "2532"]
[Annotator "ChessBase"]
[PlyCount "75"]
[EventDate "2018.08.06"]
[EventType "swiss"]
[EventCountry "LAT"]
[SourceTitle "playchess.com"]
[Source "ChessBase"]
[SourceQuality "1"]
[TimeControl "5400+30"]

1. e4 c5 2. Nf3 e6 3. d4 cxd4 4. Nxd4 a6 5. c4 Nf6 6. Nc3 Qc7 7. Be2 b6 8. f4 d6 9. O-O Bb7 10. f5 e5 11. Nc2 Nbd7 12. Ne3 Nxe4 13. Ned5 Qc5+ 14. Be3 Nxc3 15. bxc3 Qc8 16. f6 Nxf6 17. Rxf6 Bxd5 18. Qxd5 gxf6 19. Bg4 Qxg4 20. Qxa8+ Ke7 21. Qb7+ Qd7 22. Qxb6 Ke6 23. Qxa6 Be7 24. c5 Qc8 25. Qd3 Qc6 26. Rf1 e4 27. Qe2 f5 28. c4 dxc5 29. Qh5 f6 30. Qxf5+ Kf7 31. Rf4 Qb7 32. h4 Qb1+ 33. Kh2 Qe1 34. Qh5+ Kf8 35. Bxc5 Bxc5 36. Qxc5+ Kf7 37. Qd5+ Kg7 38. Qd7+ 1-0

[Event "8th RTU Open 2018"]
[Site "Riga"]
[Date "2018.08.12"]
[Round "9"]
[White "Saveliev, Alexei"]
[Black "Petrov, Dmitri"]
[Result "0-1"]
[ECO "B01"]
[WhiteElo "2382"]
[BlackElo "2233"]
[Annotator "NA"]
[PlyCount "72"]
[EventDate "2018.08.06"]
[EventType "swiss"]
[EventCountry "LAT"]
[SourceTitle "playchess.com"]
[Source "ChessBase"]
[SourceQuality "1"]
[TimeControl "5400+30"]

1. e4 d5 2. exd5 Qxd5 3. Nc3 Qd8 4. d4 Nf6 5. Bc4 c6 6. Nf3 Bf5 7. Ne5 e6 8. O-O Be7 9. Re1 Nbd7 10. Bf4 h6 11. Bb3 g5 12. Bg3 h5 13. Qf3 g4 14. Qf4 Nxe5 15. Qxe5 h4 16. Bf4 Rh5 17. Qc7 Qxc7 18. Bxc7 Kd7 19. Be5 Nd5 20. Nxd5 exd5 21. Re2 Bg5 22. h3 gxh3 23. f3 hxg2 24. Kxg2 Rg8 25. Kh1 Bd8 26. Rg1 Rhg5 27. Rxg5 Rxg5 28. Bf4 Rg6 29. c3 Re6 30. Re5 Rxe5 31. Bxe5 Ke6 32. Bf4 Bd3 33. Bd1 Kf5 34. Bb8 Bg5 35. Bxa7 Kf4 36. Kg2 Ke3 0-1

[Event "8th RTU Open 2018"]
[Site "Riga"]
[Date "2018.08.12"]
[Round "9"]
[White "Nikitenko, Mihail"]
[Black "Dragnev, Valentin"]
[Result "0-1"]
[ECO "B29"]
[WhiteElo "2374"]
[BlackElo "2509"]
[Annotator "ChessBase"]
[PlyCount "88"]
[EventDate "2018.08.06"]
[EventType "swiss"]
[EventCountry "LAT"]
[SourceTitle "playchess.com"]
[Source "ChessBase"]
[SourceQuality "1"]
[TimeControl "5400+30"]

1. e4 c5 2. Nf3 Nf6 3. e5 Nd5 4. b3 g6 5. h4 h6 6. Qe2 Nc6 7. Bb2 Bg7 8. Na3 d6 9. Nc4 Be6 10. a3 Rb8 11. Qe4 b5 12. Ne3 dxe5 13. c4 f5 14. Qc2 Nxe3 15. dxe3 b4 16. axb4 Nxb4 17. Qb1 Qc7 18. Bc3 O-O 19. Qb2 Nc6 20. Be2 Rf7 21. h5 g5 22. g4 fxg4 23. Nd2 Bf5 24. Rg1 Nb4 25. Bxb4 cxb4 26. e4 Bd7 27. Nf1 Rf4 28. Ne3 Rxe4 29. Qc2 Rd4 30. Bxg4 e4 31. Rd1 Qh2 32. Ke2 Rf8 33. Rdf1 Bxg4+ 34. Rxg4 Rf4 35. c5 Qxh5 36. c6 Rxg4 37. c7 Rf4+ 38. Ke1 Rf8 39. c8=Q Rxc8 40. Qxc8+ Kh7 41. Rg1 Rd3 42. Qc5 Rxb3 43. Qc2 Rd3 44. Qc4 Rxe3+ 0-1

[Event "8th RTU Open 2018"]
[Site "Riga"]
[Date "2018.08.12"]
[Round "9"]
[White "Hedman, Erik"]
[Black "Thybo, Jesper Sondergaard"]
[Result "0-1"]
[ECO "E10"]
[WhiteElo "2370"]
[BlackElo "2496"]
[Annotator "RC"]
[PlyCount "70"]
[EventDate "2018.08.06"]
[EventType "swiss"]
[EventCountry "LAT"]
[SourceTitle "playchess.com"]
[Source "ChessBase"]
[SourceQuality "1"]
[TimeControl "5400+30"]

1. d4 Nf6 2. c4 e6 3. Nf3 d5 4. g3 Bb4+ 5. Bd2 Be7 6. Bg2 O-O 7. O-O Nbd7 8. Qc2 c6 9. Bf4 b6 10. Rd1 Ba6 11. Ne5 Rc8 12. cxd5 Nxd5 13. Nc3 Nxe5 14. Bxe5 f6 15. Bf4 Nxf4 16. gxf4 f5 17. Qa4 Bb7 18. Qxa7 Qc7 19. Nb5 Qd7 20. Nc3 Qc7 21. Nb5 Qd7 22. Nc3 Bd8 23. Qa4 Ra8 24. Qb3 Rf6 25. Rd3 Qd6 26. Rad1 Bc7 27. d5 cxd5 28. e3 Rg6 29. Nb5 Qe7 30. Nd4 Qh4 31. R3d2 Rh6 32. Nf3 Qh5 33. Rd4 Rg6 34. Ne1 Ba6 35. R4d2 Be2 0-1

[Event "8th RTU Open 2018"]
[Site "Riga"]
[Date "2018.08.12"]
[Round "9"]
[White "Jablonicky, Martin"]
[Black "Adocchio, Giampiero"]
[Result "1/2-1/2"]
[ECO "A06"]
[WhiteElo "2361"]
[BlackElo "2136"]
[Annotator "NA"]
[PlyCount "82"]
[EventDate "2018.08.06"]
[EventType "swiss"]
[EventCountry "LAT"]
[SourceTitle "playchess.com"]
[Source "ChessBase"]
[SourceQuality "1"]
[TimeControl "5400+30"]

1. Nf3 d5 2. g3 Bg4 3. Bg2 Nd7 4. O-O e6 5. d3 Ngf6 6. Nbd2 Be7 7. e4 dxe4 8. dxe4 O-O 9. Qe2 Ne5 10. Rd1 Qc8 11. h3 Nxf3+ 12. Nxf3 Bxf3 13. Bxf3 e5 14. Kg2 c6 15. Be3 Qc7 16. g4 Rfd8 17. g5 Nd7 18. Bg4 Nf8 19. h4 Rxd1 20. Rxd1 Rd8 21. h5 Rxd1 22. Qxd1 b6 23. Kh3 g6 24. hxg6 hxg6 25. Kh4 Bd6 26. Qd3 Qe7 27. Qc4 c5 28. Qd5 Kg7 29. Bd2 Nh7 30. Kh3 Bc7 31. Qd7 Bd8 32. Qxe7 Bxe7 33. Kh4 f6 34. gxf6+ Nxf6 35. Bg5 Nxg4 36. Kxg4 Bxg5 37. Kxg5 b5 38. b3 b4 39. Kh4 Kf7 40. Kg5 Kg7 41. Kh4 Kf7 1/2-1/2

[Event "8th RTU Open 2018"]
[Site "Riga"]
[Date "2018.08.12"]
[Round "9"]
[White "Oboladze, Luka"]
[Black "Player, Edmund C"]
[Result "1-0"]
[ECO "A48"]
[WhiteElo "2349"]
[BlackElo "2194"]
[Annotator "NA"]
[PlyCount "111"]
[EventDate "2018.08.06"]
[EventType "swiss"]
[EventCountry "LAT"]
[SourceTitle "playchess.com"]
[Source "ChessBase"]
[SourceQuality "1"]
[TimeControl "5400+30"]

1. d4 Nf6 2. Nf3 g6 3. Bf4 b6 4. e3 Bb7 5. Be2 d6 6. h3 Nbd7 7. O-O Bg7 8. a4 a6 9. Nbd2 O-O 10. c3 Ne4 11. Nxe4 Bxe4 12. Nd2 Bb7 13. e4 e5 14. Be3 exd4 15. cxd4 c5 16. Nc4 Qe7 17. d5 b5 18. Na5 Nb6 19. Qb3 Rab8 20. axb5 axb5 21. Qxb5 Ba8 22. Qd3 Rfe8 23. Nc6 Bxc6 24. dxc6 Qc7 25. Rad1 Qxc6 26. b3 Be5 27. f4 Bg7 28. Bf3 c4 29. Qc2 Qb5 30. bxc4 Nxc4 31. Bf2 Rec8 32. Rb1 Nb2 33. Qd2 Nc4 34. Qd3 Nb2 35. Qxd6 Rd8 36. Qc7 Rdc8 37. Qe7 Re8 38. Qc5 Qxc5 39. Bxc5 Rec8 40. Bd6 Bd4+ 41. Kh2 Rb6 42. e5 Nc4 43. Rxb6 Bxb6 44. Bb4 Be3 45. Bd5 Rb8 46. Bc3 Nd2 47. Re1 Bxf4+ 48. g3 Rd8 49. e6 fxe6 50. Bxe6+ Kf8 51. Kg2 Bg5 52. h4 Bh6 53. Ba2 Rd7 54. Bb4+ Kg7 55. Re8 Ra7 56. Bc3# {[%emt 0:00:15] Rc7 Bb4 g5 h5 Rd7} 1-0

[Event "8th RTU Open 2018"]
[Site "Riga"]
[Date "2018.08.12"]
[Round "9"]
[White "Quillan, Gary"]
[Black "Schroeder, Jan Christian"]
[Result "0-1"]
[ECO "C91"]
[WhiteElo "2349"]
[BlackElo "2573"]
[Annotator "ChessBase"]
[PlyCount "90"]
[EventDate "2018.08.06"]
[EventType "swiss"]
[EventCountry "LAT"]
[SourceTitle "playchess.com"]
[Source "ChessBase"]
[SourceQuality "1"]
[TimeControl "5400+30"]

1. e4 e5 2. Nf3 Nc6 3. Bb5 a6 4. Ba4 Nf6 5. O-O Be7 6. Re1 b5 7. Bb3 d6 8. c3 O-O 9. d4 Bg4 10. d5 Na5 11. Bc2 Qc8 12. h3 Bd7 13. Nbd2 c6 14. dxc6 Qxc6 15. Nf1 Rfc8 16. Bd3 Nb7 17. Bg5 Nc5 18. Bc2 h6 19. Bxf6 Bxf6 20. Ne3 Be6 21. Nd5 Bxd5 22. exd5 Qc7 23. a4 g6 24. Ra3 Kg7 25. Qd2 Qb7 26. a5 Nd7 27. b4 Rc7 28. h4 h5 29. Ng5 Rac8 30. Re3 Rc4 31. Ne4 Be7 32. Bb3 R4c7 33. Ng5 Nf6 34. Rf3 e4 35. Rg3 Qa7 36. Bc2 Rc4 37. Bb3 Qb7 38. Bxc4 Rxc4 39. Ra1 Qxd5 40. Qxd5 Nxd5 41. Kf1 f5 42. Rd1 Nxc3 43. Rc1 Bf6 44. f4 d5 45. Ke1 d4 0-1

[Event "8th RTU Open 2018"]
[Site "Riga"]
[Date "2018.08.12"]
[Round "9"]
[White "Dhulipalla, Bala Chandra Prasad"]
[Black "Kulaots, Kaido"]
[Result "0-1"]
[ECO "A40"]
[WhiteElo "2333"]
[BlackElo "2554"]
[Annotator "ChessBase"]
[PlyCount "66"]
[EventDate "2018.08.06"]
[EventType "swiss"]
[EventCountry "LAT"]
[SourceTitle "playchess.com"]
[Source "ChessBase"]
[SourceQuality "1"]
[TimeControl "5400+30"]

1. d4 g6 2. c4 Bg7 3. g3 e6 4. Nf3 d5 5. Bg2 Ne7 6. O-O O-O 7. Qc2 b6 8. Bf4 Ba6 9. Na3 Nbc6 10. Qa4 Bb7 11. Rfd1 a6 12. Rac1 b5 13. cxb5 axb5 14. Qb3 b4 15. Nb5 Ba6 16. Rc5 Qd7 17. e3 Rfb8 18. Bf1 Rb7 19. Rdc1 f6 20. Qa4 e5 21. dxe5 fxe5 22. Bg5 e4 23. Nbd4 Bxf1 24. Qxa8+ Rb8 25. Qxb8+ Nxb8 26. Rxc7 Qh3 27. Nh4 Bxd4 28. Rxf1 Nec6 29. exd4 Nxd4 30. Re1 Nbc6 31. f3 Ne5 32. Rf1 Nexf3+ 33. Nxf3 Nxf3+ 0-1

[Event "8th RTU Open 2018"]
[Site "Riga"]
[Date "2018.08.12"]
[Round "9"]
[White "Vaishali R"]
[Black "Duzhakov, Ilya"]
[Result "1/2-1/2"]
[ECO "B13"]
[WhiteElo "2294"]
[BlackElo "2441"]
[Annotator "NA"]
[PlyCount "48"]
[EventDate "2018.08.06"]
[EventType "swiss"]
[EventCountry "LAT"]
[SourceTitle "playchess.com"]
[Source "ChessBase"]
[SourceQuality "1"]
[TimeControl "5400+30"]

1. e4 c6 2. d4 d5 3. exd5 cxd5 4. Bd3 Nc6 5. c3 Nf6 6. Bf4 Bg4 7. Qb3 Qc8 8. Nd2 e6 9. Ngf3 Be7 10. O-O O-O 11. Rfe1 Bh5 12. Ne5 Nxe5 13. Bxe5 Qc6 14. a4 a6 15. a5 Nd7 16. Bf4 Rfc8 17. Rec1 Bd6 18. Bxd6 Qxd6 19. Re1 Rab8 20. Qa3 Rc6 21. Qxd6 Rxd6 22. Ra3 Bg6 23. Bf1 Rc6 24. f4 Kf8 1/2-1/2

[Event "8th RTU Open 2018"]
[Site "Riga"]
[Date "2018.08.12"]
[Round "9"]
[White "Vovk, Ilja"]
[Black "Leenhouts, Koen"]
[Result "0-1"]
[ECO "B20"]
[WhiteElo "2294"]
[BlackElo "2475"]
[Annotator "ChessBase"]
[PlyCount "88"]
[EventDate "2018.08.06"]
[EventType "swiss"]
[EventCountry "LAT"]
[SourceTitle "playchess.com"]
[Source "ChessBase"]
[SourceQuality "1"]
[TimeControl "5400+30"]

1. e4 c5 2. d3 Nc6 3. f4 e6 4. Nf3 d5 5. Be2 b6 6. c3 Bb7 7. O-O Bd6 8. e5 Bc7 9. d4 Nge7 10. Na3 Qd7 11. Nc2 c4 12. Ne3 b5 13. Qc2 h6 14. Nh4 g6 15. Ng4 Ng8 16. Be3 h5 17. Nf2 Nh6 18. f5 Nxf5 19. Nxf5 gxf5 20. Bg5 Bd8 21. Bxd8 Qxd8 22. Nh3 Qb6 23. Nf4 Nxe5 24. Bxh5 O-O-O 25. Qe2 f6 26. Rad1 Rd6 27. Kh1 Nd7 28. Rde1 Nf8 29. Qf3 Kb8 30. Re2 Qc7 31. Rfe1 Bc8 32. Qg3 Rd7 33. h3 Rg7 34. Qe3 Rg5 35. Bf3 Rh4 36. Nxd5 exd5 37. Qe8 Nd7 38. Re7 Rg3 39. Bxd5 Rgxh3+ 40. gxh3 Rxh3+ 41. Kg1 Qh2+ 42. Kf1 Rg3 43. Qg8 Rxg8 44. Bxg8 Qf4+ 0-1

[Event "8th RTU Open 2018"]
[Site "Riga"]
[Date "2018.08.12"]
[Round "9"]
[White "Jacobs, Florian"]
[Black "Cruz Lledo, Pablo"]
[Result "0-1"]
[ECO "D31"]
[WhiteElo "2255"]
[BlackElo "2432"]
[Annotator "NA"]
[PlyCount "88"]
[EventDate "2018.08.06"]
[EventType "swiss"]
[EventCountry "LAT"]
[SourceTitle "playchess.com"]
[Source "ChessBase"]
[SourceQuality "1"]
[TimeControl "5400+30"]

1. d4 d5 2. c4 e6 3. Nc3 Bb4 4. e3 Ne7 5. a3 Bxc3+ 6. bxc3 O-O 7. Bd3 Nbc6 8. Ne2 Na5 9. cxd5 exd5 10. Ng3 Be6 11. O-O Qd7 12. f3 Nf5 13. Ne2 Nd6 14. e4 dxe4 15. fxe4 Bb3 16. Qe1 Bc4 17. Bxc4 Naxc4 18. e5 Nf5 19. Qf2 Ne7 20. Ng3 Nd5 21. Nf5 Kh8 22. Bg5 f6 23. exf6 Nxf6 24. Qh4 Nd5 25. Ne7 Qd6 26. Nxd5 Qxd5 27. a4 Nd6 28. Rxf8+ Rxf8 29. Re1 Qf7 30. h3 Re8 31. Rf1 Qd5 32. Qf4 Ne4 33. Re1 Kg8 34. Qe3 Nd6 35. Qxe8+ Nxe8 36. Rxe8+ Kf7 37. Re7+ Kf8 38. Re5 Qb3 39. Be7+ Kg8 40. a5 Qxc3 41. Bc5 b6 42. axb6 cxb6 43. Re8+ Kf7 44. Rf8+ Kg6 0-1

[Event "8th RTU Open 2018"]
[Site "Riga"]
[Date "2018.08.12"]
[Round "9"]
[White "Bluebaum, Karl Ernst"]
[Black "Fenil, Shah"]
[Result "0-1"]
[ECO "D31"]
[WhiteElo "2253"]
[BlackElo "2412"]
[Annotator "NA"]
[PlyCount "94"]
[EventDate "2018.08.06"]
[EventType "swiss"]
[EventCountry "LAT"]
[SourceTitle "playchess.com"]
[Source "ChessBase"]
[SourceQuality "1"]
[TimeControl "5400+30"]

1. d4 d5 2. c4 e6 3. Nc3 c6 4. e3 Bd6 5. Bd3 f5 6. Nge2 Nf6 7. f3 O-O 8. O-O Qe7 9. Qc2 Kh8 10. c5 Bc7 11. b4 Nh5 12. Bd2 e5 13. dxe5 Bxe5 14. Rae1 Nf6 15. Kh1 b6 16. Na4 b5 17. Nac3 a5 18. a3 Na6 19. Nd1 Bd7 20. Nd4 g6 21. Bc3 Kg8 22. Nb2 Nh5 23. Qf2 axb4 24. axb4 Nc7 25. Ra1 Bg7 26. Qd2 Qh4 27. Kg1 f4 28. Rxa8 Rxa8 29. exf4 Qxf4 30. Qf2 Qf7 31. Ne2 Ra2 32. Bb1 Rxb2 33. Bxb2 Bxb2 34. Nd4 Bc3 35. Rc1 Bxb4 36. Qh4 Qf6 37. Qf2 Nf4 38. Nb3 Nce6 39. Kf1 d4 40. Be4 d3 41. Qa2 Qg5 42. g3 Ne2 43. Qa8+ Nf8 44. Rd1 Qe3 45. Kg2 Nf4+ 46. gxf4 Qe2+ 47. Kg3 Qxd1 0-1

[Event "8th RTU Open 2018"]
[Site "Riga"]
[Date "2018.08.12"]
[Round "9"]
[White "Makoveev, Ilya"]
[Black "Lapshun, Yury"]
[Result "1-0"]
[ECO "B28"]
[WhiteElo "2249"]
[BlackElo "2403"]
[Annotator "NA"]
[PlyCount "35"]
[EventDate "2018.08.06"]
[EventType "swiss"]
[EventCountry "LAT"]
[SourceTitle "playchess.com"]
[Source "ChessBase"]
[SourceQuality "1"]
[TimeControl "5400+30"]

1. e4 c5 2. Nf3 a6 3. d4 cxd4 4. Nxd4 Nf6 5. Nc3 e5 6. Nf3 Nc6 7. Bc4 Bb4 8. O-O Bxc3 9. bxc3 d6 10. Re1 Be6 11. Bxe6 fxe6 12. Ba3 Ke7 13. Rb1 Rb8 14. Rb6 Qc7 15. Nxe5 Rbd8 16. Nc4 e5 17. Qb1 Rd7 18. Nxd6 1-0

[Event "8th RTU Open 2018"]
[Site "Riga"]
[Date "2018.08.12"]
[Round "9"]
[White "Kretainis, Kristaps"]
[Black "Berzinsh, Roland"]
[Result "0-1"]
[ECO "A06"]
[WhiteElo "2235"]
[BlackElo "2408"]
[Annotator "NA"]
[PlyCount "90"]
[EventDate "2018.08.06"]
[EventType "swiss"]
[EventCountry "LAT"]
[SourceTitle "playchess.com"]
[Source "ChessBase"]
[SourceQuality "1"]
[TimeControl "5400+30"]

1. Nf3 d5 2. g3 g6 3. Bg2 Bg7 4. d4 c5 5. O-O cxd4 6. Nxd4 e5 7. Nb3 Ne7 8. c4 d4 9. e3 O-O 10. exd4 exd4 11. Bf4 Nbc6 12. Qd2 Nf5 13. Na3 h6 14. h4 Qb6 15. Nb5 Ne5 16. Bxe5 Bxe5 17. Rfe1 Bg7 18. Qa5 Qd8 19. Rad1 a6 20. Qxd8 Rxd8 21. Nc7 Rb8 22. Nc5 Nd6 23. b3 Bg4 24. f3 Bf5 25. Nd3 Kf8 26. Ne5 Rbc8 27. Nd5 b5 28. Nb6 Rc5 29. f4 bxc4 30. Rxd4 c3 31. Nbc4 c2 32. Rc1 Nxc4 33. Rxd8+ Ke7 34. bxc4 Kxd8 35. Nxf7+ Ke7 36. Ne5 Rxe5 37. fxe5 Bxe5 38. Re1 Kf6 39. g4 Bd4+ 40. Kh1 Bd3 41. c5 Bxc5 42. g5+ hxg5 43. hxg5+ Kg7 44. Bf1 Bxf1 45. Rxf1 Be3 0-1

[Event "8th RTU Open 2018"]
[Site "Riga"]
[Date "2018.08.12"]
[Round "9"]
[White "Mierins, Eriks"]
[Black "Martin, Julian"]
[Result "0-1"]
[ECO "B96"]
[WhiteElo "2235"]
[BlackElo "2392"]
[Annotator "NA"]
[PlyCount "70"]
[EventDate "2018.08.06"]
[EventType "swiss"]
[EventCountry "LAT"]
[SourceTitle "playchess.com"]
[Source "ChessBase"]
[SourceQuality "1"]
[TimeControl "5400+30"]

1. e4 c5 2. Nf3 d6 3. d4 cxd4 4. Nxd4 Nf6 5. Nc3 a6 6. Bg5 e6 7. f4 Nbd7 8. a4 Qc7 9. Be2 Be7 10. O-O h6 11. Bxf6 Bxf6 12. Kh1 O-O 13. Qd2 b6 14. Bf3 Bb7 15. Rad1 Rfd8 16. f5 Nf8 17. Qf2 Rac8 18. Bg4 Qe7 19. fxe6 fxe6 20. Rd3 Rc4 21. Rfd1 Bc8 22. Nce2 Ng6 23. b3 Rc5 24. Bf3 Ne5 25. Rc3 Qc7 26. Qe1 Bd7 27. Bh5 g6 28. Rg3 Kh7 29. Nf4 gxh5 30. Ndxe6 Bxe6 31. Nxe6 Qe7 32. Nxd8 Bh4 33. Qb4 Qxd8 34. Rh3 Ng4 35. e5 Nf2+ 0-1